[Event "ICCopen2017"]
[Site "Internet Chess Club"]
[Date "2017.03.25"]
[Round "1"]
[White "bythebook"]
[Black "manusupergm2001"]
[Result "0-1"]
[ICCResult "White forfeits on time"]
[WhiteElo "1545"]
[BlackElo "2178"]
[Opening "Sicilian: Nimzovich-Rossolimo attack (without ...d6)"]
[ECO "B30"]
[NIC "SI.31"]
[Time "14:04:36"]
[TimeControl "180+0"]

1. e4 c5 2. Nf3 Nc6 3. Bb5 e6 4. c3 Nge7 5. d4 cxd4 6. cxd4 d5 7. e5 Bd7 8.
Nc3 Qa5 9. O-O Nxe5 10. Bxd7+ Nxd7 11. a3 Nc6 12. Bg5 Bd6 13. b4 Qb6 14. Na4
Qc7 15. Nc5 O-O 16. Rc1 Nxc5 17. bxc5 Bf4 18. Rb1 Bxg5 19. Nxg5 Rab8 20. Qd3
g6 21. Qh3 h5 22. Rfd1 Qf4 23. Nf3 Qg4 24. Qxg4 hxg4 25. Ne1 f5 26. Rb3 e5
27. dxe5 Rfd8 28. Nd3 d4 29. Rdb1 Rd5 30. Rxb7 Re8 31. Rc7 Nxe5 32. Nxe5
Rdxe5 33. h3 d3 {White forfeits on time} 0-1

[Event "ICCopen2017"]
[Site "Internet Chess Club"]
[Date "2017.03.25"]
[Round "1"]
[White "Kolossi"]
[Black "TheRocket"]
[Result "1/2-1/2"]
[ICCResult "Game drawn because neither player has mating material"]
[WhiteElo "1591"]
[BlackElo "2195"]
[Opening "King's Indian: Sämisch, 5...O-O"]
[ECO "E81"]
[NIC "KI.54"]
[Time "14:03:25"]
[TimeControl "180+0"]

1. d4 d6 2. c4 Nf6 3. Nc3 g6 4. e4 Bg7 5. f3 O-O 6. Be3 c5 7. d5 e6 8. dxe6
fxe6 9. Qd2 Nc6 10. O-O-O Ne8 11. Kb1 Qa5 12. Nge2 a6 13. Nc1 b5 14. Nb3 Qb4
15. cxb5 axb5 16. Nxb5 Qxd2 17. Rxd2 Na5 18. Nxd6 Nxb3 19. axb3 Ba6 20. Bc4
Bxc4 21. Nxc4 Rb8 22. Bxc5 Rf7 23. Kc2 Rfb7 24. Na5 Rb5 25. b4 Rc8 26. Kd3
Rxa5 27. bxa5 Rxc5 28. b4 Rc3+ 29. Ke2 Rb3 30. Ra2 Rxb4 31. a6 Nc7 32. a7
Bh6 33. Rf1 Kf7 34. g3 Na8 35. f4 e5 36. Rd1 exf4 37. gxf4 Rxe4+ 38. Kd3 Re8
39. Rb1 Nc7 40. Rb7 Bxf4 41. Rb8 Re7 42. a8=Q Nxa8 43. Rbxa8 Rd7+ 44. Ke4 h6
45. R8a7 g5 46. Rxd7+ Ke6 47. Rh7 Kf6 48. Rxh6+ Kg7 49. Rh5 Kg6 50. Rxg5+
Kxg5 51. h3 Bg3 52. Ra3 Kh4 53. Rb3 Kxh3 54. Rxg3+ Kxg3
{Game drawn because neither player has mating material}
1/2-1/2

[Event "ICCopen2017"]
[Site "Internet Chess Club"]
[Date "2017.03.25"]
[Round "1"]
[White "Mmario"]
[Black "PerMag"]
[Result "1-0"]
[ICCResult "Black forfeits on time"]
[WhiteElo "2667"]
[BlackElo "1692"]
[Opening "Queen's gambit declined"]
[ECO "D30"]
[NIC "QP.08"]
[Time "14:04:11"]
[TimeControl "180+0"]

1. d4 d5 2. c4 e6 3. Nf3 Nf6 4. g3 c6 5. Bg2 Nbd7 6. O-O Be7 7. Nc3 O-O 8.
Nd2 h6 9. e4 dxe4 10. Ndxe4 Nxe4 11. Nxe4 Nf6 12. Nc3 Qc7 13. Qf3 Re8 14.
Rd1 Bd7 15. Bf4 Qb6 16. b3 a5 17. Be5 Rad8 18. g4 Bc8 19. Qg3 Nd7 20. Bc7
Qa7 21. h4 Nf8 22. Bxd8 Rxd8 23. Ne2 Bd6 24. Qe3 Qb8 25. h5 Nh7 26. f4 Qc7
27. Bf3 Bd7 28. Kg2 Re8 29. Rf1 Qd8 30. Be4 Nf6 31. Bf3 Nh7 32. Rad1 Qe7 33.
Nc3 Qd8 34. Be4 Nf6 35. Bf3 Nh7 36. Ne4 Bc7 37. Nc5 Bc8 38. Nd3 Qe7 39. Ne5
Qa3 40. Rf2 Qd6 41. c5 Qe7 42. Be4 Nf6 43. Bb1 Nd5 44. Qd3 f5 45. Qg3 Rf8
46. Kh2 fxg4 47. Qxg4 Nf6 48. Qg6 Bd7 49. Rg1 Be8 50. Qxh6
{Black forfeits on time}
1-0

[Event "ICCopen2017"]
[Site "Internet Chess Club"]
[Date "2017.03.25"]
[Round "1"]
[White "Lavrik87"]
[Black "ROWLAND"]
[Result "1-0"]
[ICCResult "Black checkmated"]
[WhiteElo "2037"]
[BlackElo "1486"]
[Opening "King's Indian: fianchetto, Uhlmann (Szabo) variation"]
[ECO "A00"]
[NIC "EO.14"]
[Time "14:05:00"]
[TimeControl "180+0"]

1. g3 e5 2. c4 Nf6 3. Bg2 g6 4. Nc3 Bg7 5. Nf3 d6 6. O-O O-O 7. d4 Nc6 8.
dxe5 Nxe5 9. Nxe5 dxe5 10. Bg5 Qxd1 11. Rfxd1 c6 12. Rd2 Be6 13. b3 Rfd8 14.
Rxd8+ Rxd8 15. Ne4 Nxe4 16. Bxd8 Nc3 17. Kf1 e4 18. Ba5 Nxe2 19. Rd1 Nd4 20.
Bxe4 f5 21. Bg2 Kf7 22. Bc3 c5 23. Bxb7 Ke7 24. f4 a5 25. Bxa5 Kd6 26. Kf2
Ke7 27. Bc7 Bf6 28. Bb6 Kd6 29. b4 cxb4 30. Bxd4 Bxd4+ 31. Rxd4+ Kc7 32. Bd5
Bxd5 33. cxd5 Kd6 34. Rxb4 Kxd5 35. a4 Kc5 36. Rb1 Kc4 37. a5 Kc3 38. a6 Kc2
39. Rb7 Kc3 40. a7 Kc4 41. a8=Q Kc5 42. Qd8 Kc6 43. Qd7+ Kc5 44. Rb5+ Kc4
45. Qd5+ Kc3 46. Rb3+ Kc2 47. Qd3+ Kc1 48. Rb1# {Black checkmated} 1-0

[Event "ICCopen2017"]
[Site "Internet Chess Club"]
[Date "2017.03.25"]
[Round "1"]
[White "VoltesV"]
[Black "GulkovIgor"]
[Result "0-1"]
[ICCResult "White resigns"]
[WhiteElo "1611"]
[BlackElo "2374"]
[Opening "King's Indian: Torre attack"]
[ECO "A48"]
[NIC "QP.01"]
[Time "14:04:30"]
[TimeControl "180+0"]

1. d4 Nf6 2. Nf3 g6 3. Bg5 Bg7 4. e3 d5 5. c3 O-O 6. Bd3 Nbd7 7. O-O Re8 8.
Na3 e5 9. dxe5 Nxe5 10. Nxe5 Rxe5 11. Bf4 Re8 12. Nb5 Re7 13. h3 c6 14. Nd6
Be6 15. Nxb7 Rxb7 16. Bg5 h6 17. Bh4 Qb6 18. Qf3 g5 19. Bg3 Qd8 20. Be5 Nd7
21. Bxg7 Kxg7 22. e4 Qf6 23. Qe3 Rxb2 24. f4 gxf4 25. Rxf4 Qg5 26. Bf1 Nf6
27. c4 d4 28. Qc1 Rab8 29. e5 Nh5 30. Rg4 Bxg4 31. hxg4 Qxc1 32. Rxc1 Nf4
33. g3 Ne2+ 34. Bxe2 Rxe2 35. Rd1 c5 36. g5 hxg5 37. Kf1 Rbb2 {White
resigns} 0-1

[Event "ICCopen2017"]
[Site "Internet Chess Club"]
[Date "2017.03.25"]
[Round "1"]
[White "Simba"]
[Black "JUGGERNOT"]
[Result "0-1"]
[ICCResult "White forfeits on time"]
[WhiteElo "1082"]
[BlackElo "1792"]
[Opening "Scandinavian (center counter) defense"]
[ECO "B01"]
[NIC "VO.17"]
[Time "14:04:39"]
[TimeControl "180+0"]

1. e4 d5 2. e5 d4 3. Nf3 Bg4 4. Ke2 e6 5. d3 Nc6 6. h3 Bxf3+ 7. Kxf3 Nxe5+
8. Ke2 f5 9. Bf4 Ng6 10. Bh2 Nf6 11. Ke1 Bb4+ 12. c3 dxc3 13. bxc3 Ba5 14.
Qa4+ c6 15. Qc4 Qd5 16. Qb3 Bb6 17. Bg3 O-O 18. Nd2 Rfe8 19. c4 Qd7 20. Nf3
e5 21. Ng5 Kh8 22. c5 Ba5+ 23. Kd1 Re7 24. Kc2 Nd5 25. Rb1 h6 26. Nf3 e4
{White forfeits on time}
0-1

[Event "ICCopen2017"]
[Site "Internet Chess Club"]
[Date "2017.03.25"]
[Round "1"]
[White "Skeptic1972"]
[Black "Boing777"]
[Result "0-1"]
[ICCResult "White forfeits on time"]
[WhiteElo "1636"]
[BlackElo "2455"]
[Opening "French: Steinitz, Boleslavsky variation"]
[ECO "C11"]
[NIC "FR.04"]
[Time "14:03:34"]
[TimeControl "180+0"]

1. e4 e6 2. d4 d5 3. Nc3 Nf6 4. e5 Nfd7 5. f4 c5 6. Nf3 Nc6 7. Be3 Be7 8.
Qd2 O-O 9. g3 a6 10. Bh3 b5 11. O-O b4 12. Nd1 a5 13. Nf2 cxd4 14. Nxd4 Nxd4
15. Bxd4 Nc5 16. Nd3 Ne4 17. Qe3 g6 18. g4 Bd7 19. Kh1 Qc8 20. Nf2 Qxc2 21.
Rac1 Qa4 22. Nxe4 dxe4 23. Bg2 Rac8 24. Qxe4 Rfd8 25. Bb6 Rxc1 26. Rxc1 Bc6
27. Qxc6 Rd1+ 28. Rxd1 Qxd1+ 29. Bg1 Bh4 30. f5 Bf2 31. Qe8+ Kg7 32. f6+ Kh6
33. Qf8+ Kg5 34. h4+ Kxg4 {White forfeits on time} 0-1

[Event "ICCopen2017"]
[Site "Internet Chess Club"]
[Date "2017.03.25"]
[Round "1"]
[White "donhill"]
[Black "Atomrod"]
[Result "0-1"]
[ICCResult "White forfeits on time"]
[WhiteElo "1604"]
[BlackElo "2314"]
[Opening "Caro-Kann: advance variation"]
[ECO "B12"]
[NIC "CK.02"]
[Time "14:04:31"]
[TimeControl "180+0"]

1. e4 c6 2. d4 d5 3. e5 c5 4. Nf3 cxd4 5. Nxd4 Nc6 6. Nxc6 bxc6 7. Bd3 e6 8.
O-O a5 9. Qe2 Qb6 10. b3 Ba6 11. Bb2 Ne7 12. Nd2 Bxd3 13. Qxd3 Nf5 14. Nf3
Be7 15. a4 O-O 16. Rfe1 Rfb8 17. Rad1 Qa6 18. Qxa6 Rxa6 19. g4 Nh4 20. Nxh4
Bxh4 21. Kg2 h5 22. gxh5 c5 23. Ba3 Rc6 24. Rb1 Bg5 25. Bc1 Bxc1 26. Rexc1
c4 27. bxc4 Rxb1 28. Rxb1 Rxc4 29. Rb8+ Kh7 30. Rb7 Rf4 31. Kg3 Rf5 32. f4
Kh6 33. Kg4 g6 34. hxg6 Kxg6 35. Rb5 Rh5 36. h4 Rh8 37. Rxa5 Rc8 38. Rb5
Rxc2 39. h5+ Kh6 40. Rb8 Rg2+ 41. Kh4 Rh2+ 42. Kg4 Ra2 43. Rh8+ Kg7 44. Ra8
Rg2+ 45. Kh4 Ra2 46. a5 Ra4 47. Kg4 f5+ 48. Kg5 Ra1 49. h6+ Kh7 50. Ra7+ Kg8
51. Ra8+ Kh7 52. Ra7+ Kg8 53. Ra8+ Kf7 54. Ra7+ Kg8 55. Kf6 Kh8
{White forfeits on time}
0-1

[Event "ICCopen2017"]
[Site "Internet Chess Club"]
[Date "2017.03.25"]
[Round "1"]
[White "BUHO64"]
[Black "yozhik"]
[Result "1-0"]
[ICCResult "Black forfeits on time"]
[WhiteElo "1837"]
[BlackElo "2750"]
[Opening "Sicilian: Richter-Rauzer, Rauzer attack, 7...Be7 defense, 9.f4"]
[ECO "B64"]
[NIC "SI.28"]
[Time "14:03:48"]
[TimeControl "180+0"]

1. e4 c5 2. Nf3 d6 3. d4 cxd4 4. Nxd4 Nf6 5. Nc3 Nc6 6. Bg5 e6 7. Qd2 Be7 8.
O-O-O O-O 9. f4 h6 10. h4 Rb8 11. Kb1 Qb6 12. Nb3 Rd8 13. Bd3 d5 14. Bxf6
Bxf6 15. e5 Be7 16. g4 d4 17. Ne4 a5 18. g5 h5 19. Nf6+ Kf8 20. Nxh5 a4 21.
Qe2 axb3 22. cxb3 Ra8 23. Qe4 Rxa2 24. Qh7 Ke8 25. Kxa2 Nb4+ 26. Kb1 Qa5 27.
Kc1 Na2+ 28. Kb1 Nb4 29. Kc1 Na2+ 30. Kc2 Rd7 31. Qg8+ Bf8 32. Nxg7+ Ke7 33.
Ra1 Rc7+ 34. Bc4 Rxc4+ 35. bxc4 Qa4+ 36. b3 Nb4+ 37. Kb2 Nd3+ 38. Kc2 Nb4+
39. Kd2 Qxb3 40. Nf5+ exf5 41. Ke2 Qe3+ 42. Kf1 Qf3+ 43. Kg1 Qg3+ 44. Kf1
Qf3+ 45. Ke1 Qe3+ 46. Kd1 {Black forfeits on time} 1-0

[Event "ICCopen2017"]
[Site "Internet Chess Club"]
[Date "2017.03.25"]
[Round "1"]
[White "Step2Me"]
[Black "Lovelife"]
[Result "0-1"]
[ICCResult "White resigns"]
[WhiteElo "1337"]
[BlackElo "1869"]
[Opening "Sicilian defense"]
[ECO "B30"]
[NIC "SI.31"]
[Time "14:04:55"]
[TimeControl "180+0"]

1. e4 c5 2. Nf3 Nc6 3. c3 e6 4. Bd3 d5 5. exd5 exd5 6. Bc2 Bd6 7. O-O Nge7
8. Re1 O-O 9. d4 Bg4 10. Nbd2 Qd7 11. Nf1 cxd4 12. cxd4 Bxf3 13. gxf3 Qh3
14. Ng3 Rae8 15. Bg5 h6 16. Qd3 f5 17. Bxe7 Nxe7 18. Re6 f4 19. Rxd6 fxg3
20. fxg3 Nf5 21. Qb3 Nxd6 22. Qxd5+ Kh8 23. Qxd6 Rf6 24. Be4 Rxd6
{White resigns}
0-1

[Event "ICCopen2017"]
[Site "Internet Chess Club"]
[Date "2017.03.25"]
[Round "1"]
[White "grels"]
[Black "ARMCOMPOSER"]
[Result "0-1"]
[ICCResult "White forfeits on time"]
[WhiteElo "1728"]
[BlackElo "3000"]
[Opening "QGD semi-Slav: Meran variation"]
[ECO "D47"]
[NIC "SL.09"]
[Time "14:03:12"]
[TimeControl "180+0"]

1. c4 c6 2. Nc3 d5 3. d4 Nf6 4. e3 e6 5. Nf3 Nbd7 6. Bd3 dxc4 7. Bxc4 b5 8.
Bd3 Bd6 9. O-O O-O 10. e4 e5 11. Bg5 h6 12. Bh4 Bb7 13. Qe2 Re8 14. Rfd1 Qc7
15. Rac1 exd4 16. Nxb5 Qb8 17. Nxd6 Qxd6 18. Qc2 c5 19. Bg3 Qe7 20. Re1 Rac8
21. b3 Nh5 22. Re2 Nxg3 23. hxg3 Ne5 24. Nxe5 Qxe5 25. f4 Qe7 26. Rce1 a5
27. e5 Bd5 28. Be4 Qb7 29. Bxd5 Qxd5 30. Qd3 a4 31. Rc1 axb3 32. axb3 Rb8
33. Rc4 Ra8 34. Rec2 Rec8 35. Kf2 Qc6 36. Qe2 Qb5 37. Qd3 Rab8 38. Rb2 Rd8
39. Kg1 Qa5 40. Kh2 Ra8 41. Rbc2 Qe1 42. Rc1 Qe3 43. Rd1 Qxd3 44. Rxd3 Rd5
45. Kg1 Rb8 46. Kf2 g5 47. Kf3 Kg7 48. Ke4 Rd7 49. f5 f6 50. Rxc5 Re7 51. e6
Rbb7 52. Rc4 g4 53. Rcxd4 h5 54. Rc4 Ra7 55. Rcd4 Rac7 56. b4 Rb7 57. b5
Rbc7 58. Rd7 Rc4+ {White forfeits on time} 0-1

[Event "ICCopen2017"]
[Site "Internet Chess Club"]
[Date "2017.03.25"]
[Round "1"]
[White "tdimarco"]
[Black "grancaruso"]
[Result "0-1"]
[ICCResult "White resigns"]
[WhiteElo "1236"]
[BlackElo "1814"]
[Opening "Alekhine's defense: Maróczy variation"]
[ECO "B02"]
[NIC "AL.10"]
[Time "14:04:47"]
[TimeControl "180+0"]

1. e4 Nf6 2. d3 d6 3. Nc3 c5 4. Bg5 e6 5. Qd2 Be7 6. O-O-O Nc6 7. f4 Qa5 8.
a3 b5 9. Na2 Qxd2+ 10. Rxd2 Bd7 11. Nf3 h6 12. Bh4 Ng4 13. h3 Ne3 14. Bxe7
Nxf1 15. Rxf1 Kxe7 16. Re1 e5 17. fxe5 dxe5 18. Nh2 Be6 19. Kb1 a6 20. c3
Rhd8 21. Red1 Rd7 22. Nf3 Bb3 23. Rc1 Rad8 24. Ne1 c4 25. d4 exd4 26. cxd4
Nxd4 27. Nc3 f6 28. Nf3 Nxf3 29. Rxd7+ Rxd7 30. gxf3 Rd3 31. Rf1 Kd6 32. Nd5
c3 33. bxc3 Bxd5 34. exd5 Kxd5 35. Kc2 Kc4 36. f4 Rxc3+ 37. Kd2 Rxh3 38. Re1
Rxa3 39. Re7 Rg3 40. Re6 a5 41. Ra6 a4 42. Kc2 Rg2+ 43. Kd1 h5 44. Rc6+ Kb4
45. Rd6 h4 46. Rd4+ Kc3 47. Re4 h3 48. Re3+ Kd4 49. Rxh3 b4 50. Kc1 a3 51.
Kb1 g5 52. fxg5 fxg5 53. Rh6 Kc3 54. Rc6+ Kb3 55. Rd6 Rg1+ {White resigns}
0-1

[Event "ICCopen2017"]
[Site "Internet Chess Club"]
[Date "2017.03.25"]
[Round "1"]
[White "BeerMeUpScotty"]
[Black "halski"]
[Result "0-1"]
[ICCResult "White forfeits on time"]
[WhiteElo "1618"]
[BlackElo "2406"]
[Opening "Scandinavian: Pytel-Wade variation"]
[ECO "B01"]
[NIC "SD.02"]
[Time "14:03:54"]
[TimeControl "180+0"]

1. e4 d5 2. exd5 Qxd5 3. Nc3 Qd6 4. d4 c6 5. Nf3 Bg4 6. Be2 Nf6 7. Bg5 Nbd7
8. Qd2 e6 9. O-O-O Be7 10. Kb1 O-O-O 11. h3 Bh5 12. Qe3 Rhe8 13. Ne5 Bg6 14.
f4 Qb4 15. Bf3 Nd5 16. Nxd5 cxd5 17. Nxg6 hxg6 18. Bxe7 Rxe7 19. Rd3 Kb8 20.
Rb3 Qd6 21. c4 Nf6 22. Re1 dxc4 23. Rc3 Qxd4 24. Qe5+ Qxe5 25. Rxe5 Rd4 26.
g3 Red7 27. a3 Nd5 28. Bxd5 R7xd5 29. Re2 Rd1+ 30. Ka2 b5 31. Rec2 R5d3 32.
b3 R1d2 33. bxc4 Rxc3 34. Rxd2 Rxg3 35. cxb5 Rxh3 36. Rd8+ Kc7 37. Rf8 Rh2+
{White forfeits on time}
0-1

[Event "ICCopen2017"]
[Site "Internet Chess Club"]
[Date "2017.03.25"]
[Round "1"]
[White "zandoli"]
[Black "majerle"]
[Result "1/2-1/2"]
[ICCResult "Game drawn by repetition"]
[WhiteElo "1931"]
[BlackElo "1573"]
[Opening "Réti v Dutch"]
[ECO "A04"]
[NIC "QP.11"]
[Time "14:05:44"]
[TimeControl "180+0"]

1. Nf3 f5 2. d4 e6 3. e3 Nf6 4. Be2 d5 5. O-O Bd6 6. c4 c6 7. Nc3 O-O 8. h3
Qe7 9. b3 Nbd7 10. Bb2 Re8 11. Na4 Nf8 12. Ne5 Ng6 13. Qe1 Qc7 14. f4 Bxe5
15. fxe5 Ne4 16. Bd3 Bd7 17. Bxe4 fxe4 18. Nc3 Rf8 19. Qg3 Rxf1+ 20. Rxf1
Rf8 21. Rxf8+ Kxf8 22. Ba3+ Kg8 23. Bd6 Qd8 24. cxd5 cxd5 25. Ne2 Qc8 26.
Nf4 Nxf4 27. Qxf4 Qe8 28. g4 Qf7 29. Qxf7+ Kxf7 30. Kf2 Bb5 31. a4 Bd3 32.
b4 Kg6 33. Kg3 h5 34. Kf4 hxg4 35. hxg4 Kh6 36. g5+ Kg6 37. Bb8 a6 38. Ba7
b5 39. axb5 axb5 40. Bc5 Bc4 41. Bf8 Bd3 42. Bd6 Bc4 43. Bc5 Bd3 44. Be7 Bc4
45. Bd8 Bd3 46. Kg4 Be2+ 47. Kf4 Bc4 48. Bb6 Bd3 49. Bc5 Bc4 50. Bd6 Bd3 51.
Bc7 Bc4 52. Bd8 Bd3 53. Be7 Bc4 54. Bd6 Bd3 55. Bc5 {Game drawn by
repetition} 1/2-1/2

[Event "ICCopen2017"]
[Site "Internet Chess Club"]
[Date "2017.03.25"]
[Round "1"]
[White "muhit"]
[Black "darkprince"]
[Result "1-0"]
[ICCResult "Black forfeits on time"]
[WhiteElo "1813"]
[BlackElo "1227"]
[Opening "QGD semi-Slav: 5.e3"]
[ECO "D45"]
[NIC "SL.08"]
[Time "14:03:17"]
[TimeControl "180+0"]

1. d4 d5 2. c4 c6 3. Nc3 e6 4. Nf3 Nf6 5. e3 Be7 6. Bd3 dxc4 7. Bxc4 b5 8.
Bd3 Bb7 9. e4 O-O 10. e5 Nd5 11. Ne4 f5 12. exf6 Nxf6 13. O-O Nxe4 14. Bxe4
Nd7 15. Qc2 Nf6 16. Bxc6 Bxc6 17. Qxc6 a6 18. Qxe6+ Kh8 19. Re1 Bb4 20. Rd1
Re8 21. Qh3 Qd5 22. Be3 Rac8 23. a3 Bd6 24. Rac1 Rc4 25. Rxc4 bxc4 26. Rc1
h6 27. Nd2 Ne4 28. Nxc4 Bf8 29. Ne5 Nf6 30. Qf5 Qe4 31. Qxe4 Nxe4 32. Rc6
Nf6 33. Rxa6 Nd5 34. b4 Rc8 35. Kf1 Kh7 36. Ke2 Be7 37. Ra7 Bf6 38. Ng4 Bd8
39. Nxh6 Kg6 40. Ng4 Bb6 41. Ne5+ Kh7 42. Rb7 Bd8 43. Kf3 Bf6 44. b5 Nc3 45.
b6 Nb5 46. Ng4 Nd6 47. Nxf6+ Kg6 48. Rd7 Nc4 49. Ne4 Nxa3 50. b7 Rb8 51. d5
Nb5 52. Bb6 Na3 53. h4 Nc2 54. Ba7 Nb4 55. Bxb8 Na6 56. Be5
{Black forfeits on time}
1-0

[Event "ICCopen2017"]
[Site "Internet Chess Club"]
[Date "2017.03.25"]
[Round "1"]
[White "Nos"]
[Black "evorg"]
[Result "1-0"]
[ICCResult "Black resigns"]
[WhiteElo "2151"]
[BlackElo "1528"]
[Opening "Latvian counter-gambit"]
[ECO "C40"]
[NIC "KP.09"]
[Time "14:08:08"]
[TimeControl "180+0"]

1. e4 e5 2. Nf3 f5 3. Nxe5 Nf6 4. d4 d6 5. Nc4 fxe4 6. Bg5 d5 7. Ne3 c6 8.
c4 Be6 9. Qb3 Qd7 10. Nc3 Na6 11. Bxf6 gxf6 12. cxd5 Bxd5 13. Nexd5 cxd5 14.
Bb5 {Black resigns} 1-0

[Event "ICCopen2017"]
[Site "Internet Chess Club"]
[Date "2017.03.25"]
[Round "1"]
[White "vishweshk"]
[Black "biljanic"]
[Result "1-0"]
[ICCResult "Black resigns"]
[WhiteElo "1565"]
[BlackElo "1970"]
[Opening "Pirc defense"]
[ECO "B07"]
[NIC "PU.08"]
[Time "14:04:30"]
[TimeControl "180+0"]

1. e4 d6 2. d4 Nf6 3. Bd3 g6 4. Nd2 Bg7 5. Ngf3 O-O 6. Nf1 Nc6 7. c3 e5 8.
d5 Ne7 9. c4 c5 10. Be3 Ng4 11. Bg5 h6 12. Bh4 g5 13. Bg3 Ng6 14. h3 Nf6 15.
Ne3 Nh5 16. Qd2 Nhf4 17. O-O-O a6 18. h4 b5 19. hxg5 hxg5 20. Nf5 bxc4 21.
Bxc4 Rb8 22. Bxf4 exf4 23. g3 Rxb2 24. Qd3 Rxf2 25. Nxg7 Kxg7 26. Qc3+ Kg8
27. e5 Bf5 28. Bb3 Bg4 29. Nd2 Bxd1 30. Ne4 Rf3 31. Qb2 Bxb3 32. Nf6+ Qxf6
33. exf6 Bxd5 34. Qh2 Rc3+ 35. Kd2 Bxh1 36. Qh6 Rd3+ 37. Kc2 {Black resigns}
1-0

[Event "ICCopen2017"]
[Site "Internet Chess Club"]
[Date "2017.03.25"]
[Round "1"]
[White "jps7"]
[Black "uggi"]
[Result "1-0"]
[ICCResult "Black forfeits on time"]
[WhiteElo "1495"]
[BlackElo "1977"]
[Opening "King's Indian: East Indian defense"]
[ECO "A48"]
[NIC "QP.06"]
[Time "14:03:30"]
[TimeControl "180+0"]

1. d4 Nf6 2. Nf3 g6 3. e3 Bg7 4. Bd3 O-O 5. O-O d6 6. b3 Nbd7 7. Bb2 c6 8.
c4 e5 9. dxe5 Ng4 10. Qc2 dxe5 11. e4 Nc5 12. Rd1 Qe7 13. Nc3 f5 14. h3 Nh6
15. exf5 gxf5 16. Be2 Be6 17. Nd2 e4 18. Ncb1 Rf7 19. Bxg7 Rxg7 20. Bf1 Qg5
21. Nc3 Re8 22. Ne2 f4 23. Nxe4 Nxe4 24. Qxe4 Rf7 25. Qf3 Bc8 26. Nd4 Rg7
27. Re1 Rf8 28. Ne6 Bxe6 29. Rxe6 Nf5 30. Qg4 Qxg4 31. hxg4 Nd4 32. Re4 Nc2
33. Rc1 Nb4 34. a3 Na6 35. Rce1 Rxg4 36. f3 Rg7 37. Re8 Nc5 38. Rxf8+ Kxf8
39. b4 Na4 40. c5 Nc3 41. Bc4 Re7 42. Rxe7 Kxe7 43. Kf2 Kf6 44. Bd3 Ke5 45.
Be4 h5 46. Bg6 h4 47. Bh5 {Black forfeits on time} 1-0

[Event "ICCopen2017"]
[Site "Internet Chess Club"]
[Date "2017.03.25"]
[Round "1"]
[White "oli2"]
[Black "justinchess"]
[Result "0-1"]
[ICCResult "White checkmated"]
[WhiteElo "1598"]
[BlackElo "2272"]
[Opening "Sicilian: dragon, 6.Be3"]
[ECO "B72"]
[NIC "SI.15"]
[Time "14:04:01"]
[TimeControl "180+0"]

1. e4 c5 2. Nf3 d6 3. d4 cxd4 4. Nxd4 Nf6 5. Nc3 g6 6. Be3 a6 7. f3 b5 8.
Qd2 Bb7 9. O-O-O Nbd7 10. g4 h6 11. h3 b4 12. Nce2 e5 13. Nb3 a5 14. Kb1 d5
15. exd5 Nxd5 16. Ng3 a4 17. Nc1 Nxe3 18. Qxe3 Bc5 19. Qe2 Bd4 20. Ne4 O-O
21. Rxd4 exd4 22. Qd2 Bxe4 23. fxe4 Qb6 24. Qxh6 Ne5 25. Nd3 Nxd3 26. Bxd3
b3 27. Bc4 bxc2+ 28. Ka1 a3 29. b3 Qf6 30. e5 Qg7 31. Qf4 Ra7 32. Qxd4 Re7
33. Re1 Rfe8 34. Bb5 Rxe5 35. Rc1 Re1 36. Qxg7+ Kxg7 37. Rxe1 Rxe1#
{White checkmated}
0-1

[Event "ICCopen2017"]
[Site "Internet Chess Club"]
[Date "2017.03.25"]
[Round "1"]
[White "chess222"]
[Black "cap78red"]
[Result "1-0"]
[ICCResult "Black forfeits on time"]
[WhiteElo "1849"]
[BlackElo "1306"]
[Opening "Pirc defense"]
[ECO "B07"]
[NIC "PU.08"]
[Time "14:03:20"]
[TimeControl "180+0"]

1. e4 d6 2. d4 Nf6 3. Bd3 g6 4. Nf3 Bg7 5. O-O c5 6. c3 cxd4 7. cxd4 Nc6 8.
Nc3 Bg4 9. Be3 Nb4 10. Bb1 Bxf3 11. gxf3 e5 12. Qa4+ Nc6 13. d5 O-O 14. dxc6
bxc6 15. Qxc6 d5 16. exd5 Rc8 17. Qb5 a6 18. Qd3 Nh5 19. Rd1 Nf4 20. Bxf4
exf4 21. d6 Qg5+ 22. Kh1 Qh4 23. Qd2 Rfd8 24. Be4 Be5 25. d7 Rc7 26. Qd5
Rcxd7 27. Qxe5 Rxd1+ 28. Rxd1 Rxd1+ 29. Nxd1 Qh3 30. Kg1 Qd7 31. Qd5 Qa4 32.
Nc3 Qb4 33. Qd8+ Kg7 34. Qd2 Qc5 35. a3 Qg5+ 36. Kf1 h5 37. Nd5 h4 38. Qxf4
Qd8 39. Qe5+ Kg8 40. Kg2 f6 41. Nxf6+ Kf7 42. Nd5 h3+ 43. Kxh3 Qh8+ 44. Kg2
Qxe5 45. Ne3 Qxb2 46. a4 Qa3 47. Bc6 {Black forfeits on time} 1-0

[Event "ICCopen2017"]
[Site "Internet Chess Club"]
[Date "2017.03.25"]
[Round "1"]
[White "JRussell2"]
[Black "presbyter4"]
[Result "0-1"]
[ICCResult "White checkmated"]
[WhiteElo "1061"]
[BlackElo "1782"]
[Opening "Queen's pawn game, Darooha variation "]
[ECO "D02"]
[NIC "QP.08"]
[Time "14:03:51"]
[TimeControl "180+0"]

1. d4 d5 2. Nf3 Nf6 3. g3 e6 4. Bg2 Be7 5. O-O O-O 6. a3 Nc6 7. b4 a5 8. Bb2
axb4 9. axb4 Rxa1 10. Bxa1 Nxb4 11. c3 Nc6 12. Re1 Ne4 13. Nbd2 Qd6 14. Ne5
Nxe5 15. dxe5 Qxe5 16. c4 Nc3 17. Qc2 Bb4 18. cxd5 exd5 19. Qd3 c5 20. Bxc3
Qxc3 21. Rd1 Qxd3 22. exd3 Rd8 23. Nf3 d4 24. Ne5 f6 25. Nc4 Bg4 26. f3 Be6
27. g4 b5 28. Nd2 f5 29. Bh3 g6 30. gxf5 gxf5 31. f4 Kf7 32. Bg2 Rg8 33. Kf2
Bc3 34. Kf3 c4 35. dxc4 bxc4 36. Nf1 Bd5+ 37. Kf2 Rxg2# {White checkmated}
0-1

[Event "ICCopen2017"]
[Site "Internet Chess Club"]
[Date "2017.03.25"]
[Round "1"]
[White "waynerooney"]
[Black "Chigorinetz"]
[Result "1-0"]
[ICCResult "Black checkmated"]
[WhiteElo "1952"]
[BlackElo "1447"]
[Opening "Sicilian defense"]
[ECO "B34"]
[NIC "SI.33"]
[Time "14:03:39"]
[TimeControl "180+0"]

1. e4 c5 2. Nf3 Nc6 3. d4 cxd4 4. Nxd4 g6 5. Be3 Bg7 6. Nc3 Nf6 7. Qd2 O-O
8. f3 d5 9. exd5 Nxd5 10. Nxc6 bxc6 11. Nxd5 cxd5 12. c3 Rb8 13. Be2 Qa5 14.
O-O Rd8 15. Bd4 e5 16. Be3 Be6 17. b3 Rbc8 18. Rac1 Qa3 19. Rc2 a5 20. Rd1
Bf5 21. Bd3 Bxd3 22. Qxd3 a4 23. c4 axb3 24. axb3 d4 25. Bg5 f6 26. Bc1 Qc5
27. Bd2 f5 28. b4 e4 29. fxe4 fxe4 30. Qxe4 Qa7 31. c5 d3 32. Rc4 Qa2 33.
Bg5 Qb3 34. Rcc1 Rd4 35. Qe3 Qxb4 36. Qh3 Re8 37. c6 Qb6 38. c7 Rh4+ 39. Be3
Rxe3 40. c8=Q+ Re8+ 41. Kh1 Rxc8 42. Rxc8+ Bf8 43. Qxh4 Qe6 44. Qd8 Qf5 45.
Qxf8+ Qxf8 46. Rxf8+ Kxf8 47. Rxd3 Ke7 48. h4 Ke6 49. Kh2 h6 50. Kh3 Ke5 51.
Kg4 Ke6 52. Ra3 Kf7 53. Ra6 Kg7 54. g3 Kf7 55. h5 g5 56. Kf5 Kg7 57. Ra7+
Kf8 58. Kg6 g4 59. Kxh6 Ke8 60. Kg6 Kd8 61. h6 Kc8 62. h7 Kb8 63. Rg7 Kc8
64. h8=Q# {Black checkmated} 1-0

[Event "ICCopen2017"]
[Site "Internet Chess Club"]
[Date "2017.03.25"]
[Round "1"]
[White "devotional"]
[Black "SKYEYE"]
[Result "1-0"]
[ICCResult "Black resigns"]
[WhiteElo "2043"]
[BlackElo "1487"]
[Opening "Philidor: Steinitz variation"]
[ECO "C41"]
[NIC "KP.10"]
[Time "14:04:07"]
[TimeControl "180+0"]

1. e4 e5 2. Nf3 d6 3. Bc4 Be7 4. c3 Nf6 5. d3 O-O 6. h3 h6 7. Bb3 a6 8. Be3
c5 9. Nbd2 Nc6 10. O-O b5 11. d4 c4 12. Bc2 exd4 13. cxd4 Bb7 14. d5 Ne5 15.
Nd4 Rc8 16. Rc1 Qd7 17. f4 Ng6 18. Nf5 Rfe8 19. Bd4 Nh7 20. Bxg7 Bf8 21.
Bxh6 Bxh6 22. Nxh6+ Kf8 23. Nf5 Nf6 24. Qf3 b4 25. h4 c3 26. bxc3 Rxc3 27.
Qd1 Ne7 28. Nd4 Kg8 29. Bb1 Rg3 30. Rf3 Qg4 31. Rxg3 Qxg3 32. Qf3 Qxf3 33.
N2xf3 Kh8 34. Rc7 Bc8 35. Ng5 Kg8 36. Nc6 Nxc6 37. Rxc6 Kg7 38. Rxd6 Rh8 39.
g3 Bg4 40. e5 Ne8 41. Rxa6 Bd7 42. Ra7 Bb5 43. Rxf7+ Kg8 44. d6 {Black
resigns} 1-0